 Dungeon Crawl Stone Soup version 0.19.1-1-g22dce08 (webtiles) character file.

25 Gargoyl the Skirmisher (level 3, -6/33 HPs)
             Began as a Ghoul Abyssal Knight on Jan 12, 2017.
             Was a Follower of Lugonu.
             Mangled by an ogre
             ... wielding a +0 giant club
              (13 damage)
             ... on level 1 of the Dungeon.
             The game lasted 00:02:11 (1330 turns).

Gargoyl the Skirmisher (Ghoul Abyssal Knight)       Turns: 1330, Time: 00:02:12

Health: -6/33      AC: 13    Str: 15    XL:     3   Next: 4%
Magic:  3/3        EV:  4    Int:  7    God:    Lugonu [*.....]
Gold:   71         SH:  0    Dex:  9    Spells: 0 memorised, 2 levels left

rFire  . . .     SeeInvis .     a - +1 hand axe
rCold  + . .     Gourm    .     f - +0 plate armour
rNeg   + + +     Faith    .     (no shield)
rPois  ∞         Spirit   .     (no helmet)
rElec  .         Reflect  .     (no cloak)
rCorr  .         Harm     .     i - +0 pair of gloves
MR     .....                    d - +0 pair of boots
Stlth  ..........               (no amulet)
                                (no ring)
                                (no ring)

@: flying, rotting
A: rotting body, claws 1, carnivore 3, cold resistance 1, negative energy
resistance 3, slow regeneration 1, torment resistance, unbreathing
a: Depart the Abyss, Renounce Religion


You were on level 1 of the Dungeon.
You worshipped Lugonu.
Lugonu was aware of your devotion.
You were not hungry.

You visited 1 branch of the dungeon, and saw 1 of its levels.
You visited the Abyss 1 time.

You collected 71 gold pieces.

Inventory:

Hand Weapons
 a - a +1 hand axe (weapon)
Armour
 d - a +0 pair of boots (worn)
 f - a +0 plate armour (worn)
 i - a +0 pair of gloves (worn)
Scrolls
 e - a scroll of blinking {unknown}
 h - a scroll of magic mapping {unknown}
 j - a scroll of identify
 l - a scroll of amnesia {unknown}
Potions
 g - a potion of resistance {unknown}
Comestibles
 c - 2 meat rations
 k - 2 chunks of flesh


   Skills:
 + Level 3.8 Fighting
 + Level 2.1 Axes
 * Level 2.1 Armour
 + Level 0.8 Dodging
 * Level 2.1 Invocations


You had 2 spell levels left.
You didn't know any spells.

Dungeon Overview and Level Annotations

Branches:
Dungeon (1/15)

Altars:


Innate Abilities, Weirdness & Mutations

Your body is rotting away.
You thrive on raw meat.
You are immune to poison.
You have sharp fingernails.
You are carnivorous and can eat meat at any time.
Your flesh is cold resistant. (rC+)
You are immune to negative energy. (rN+++)
You regenerate slowly when monsters are visible.
You are immune to unholy pain and torment.
You can survive without breathing.


Message History

Things that are here:
an uncursed ring of wizardry; a +0 leather armour; a club You see here a pair of gloves.
An ogre comes into view. It is wielding a giant club.
The ogre shouts!
There is an open door here.
An ogre is nearby!
Okay, then.
Okay, then.
You hit the ogre.
The ogre is lightly wounded.
The ogre hits you with a giant club!
You slash the ogre!
The ogre is moderately wounded.
The ogre hits you with a giant club!
* * * LOW HITPOINT WARNING * * *
It was a potion of flight.
You feel very buoyant.
You fly up into the air.
The ogre hits you with a giant club!
You die...

#.#.....#.##...#.#.#
#.#.......#....#.#.#
#.#.......####.#.#.#
#.#######......#.#.#
#......##........#.# #
######.#+.......(#.# ## ##
#.##.......##.# ##.
.#############.##O......##.####..
............[...@.........>..#..#
.#.##########.###..............##
.#.#.#.#.## #.# #.............##
..#.#.#.#.# #.# #............##
.#.#.#.#.####.# #..........).#
..#.#.#.#..##.# #..#######...#
.#.≈≈≈≈≈.#.##.# #...........)#
..#≈...≈#..##.# ############.#
.#.≈<..≈.#....# #...........#


You could see an ogre.

Vanquished Creatures
  A dart slug (D:1)
  2 leopard geckos (D:1)
  3 goblins (D:1)
  3 hobgoblins (D:1)
  2 jackals (D:1)
  2 kobolds (D:1)
  A ball python (D:1)
  2 frilled lizards (D:1)
  3 rats (D:1)
19 creatures vanquished.

Notes
Turn   | Place    | Note
-------+----------+-------------------------------------------
     0 | Abyss:1  | Gargoyl the Ghoul Abyssal Knight began the quest for the Orb.
     0 | Abyss:1  | Reached XP level 1. HP: 19/19 MP: 1/1
    81 | Abyss:1  | Noticed an apocalypse crab
    95 | Abyss:1  | Noticed a raiju
    97 | D:1      | Escaped the Abyss
   173 | D:1      | Reached XP level 2. HP: 21/26 MP: 2/2
   481 | D:1      | Reached * piety under Lugonu
  1123 | D:1      | Reached XP level 3. HP: 33/33 MP: 3/3
  1327 | D:1      | Noticed an ogre
  1330 | D:1      | Mangled by an ogre

Skill      XL: |  1 |
---------------+----+-----
Armour         | 2 |  2.1
Axes           | 2 |  2.1
Fighting       | |  3.8
Dodging        | |  0.8
Invocations    | |  2.1

Action                   || total
-------------------------++-------
Melee: Hand axe          ||    56
Invok: Depart the Abyss  ||     1
  Use: Scroll            ||     3
       Potion            ||     1
  Eat: Chunk             ||     8
Armor: Leather armour    ||     3
       Plate armour      ||    26
Dodge: Dodged            ||    20
